cohdb
Replays
Latest Replays
All Replays
Popular Replays
Top Player Replays
Match Explorer
How It Works
Community
CoH3 Stats
Reddit
Sign in to upload your games and track your stats! →
Sign in with Steam
Match 42523884
Unlisted
Match 42523884
Overview
Messages
Build Orders
End
Construct Section Command Post
Vickers Machine Gun Team
Infantry Section
Infantry Section
Infantry Section
Infantry Section
Construct Platoon Command Post
CMP 15cwt Truck
Infantry Section
Infantry Section
Construct Company Command Post
Infantry Training
LTN.lejol
ex.4f
Von choltitz
gUi
Dog
Valten
Halokoo
JohnBPKC
0
0
Comments
sign in to comment!
No comments posted yet!